 Dungeon Crawl Stone Soup version 0.25-a0-356-g7c9d860 (webtiles) character file.

Game seed: 1233817239946564006, levelgen mode: deterministic

1221 MrTaco21 the Basher (level 8, -7/46 HPs)
             Began as a Gargoyle Fighter on Jan 3, 2020.
             Mangled by an orc warrior
             ... wielding a +0 glaive
              (9 damage)
             ... on level 6 of the Dungeon.
             The game lasted 00:13:37 (5370 turns).

MrTaco21 the Basher (Gargoyle Fighter)              Turns: 5370, Time: 00:13:38

Health: -7/46      AC: 13    Str: 23    XL:     8   Next: 47%
Magic:  8/8        EV:  7    Int:  8    God:
Gold:   299        SH:  9    Dex:  9    Spells: 7/7 levels left

rFire    . . .     SeeInvis .   a - +0 flail
rCold    . . .     Gourm    .   c - +0 shield
rNeg     + . .     Faith    .   b - +0 scale mail
rPois    ∞         Spirit   .   (no helmet)
rElec    +         Reflect  .   s - scarf {cloud immunity}
rCorr    .         Harm     .   (no gloves)
MR       .....                  o - +0 pair of boots
Stlth    ..........             (no amulet)
HPRegen  0.15/turn              (no ring)
MPRegen  0.11/turn              (no ring)

@: no status effects
A: negative energy resistance 1, electricity resistance, unbreathing,
petrification resistance, rot immunity, AC +5
a: no special abilities


You were on level 6 of the Dungeon.
You were hungry.

You visited 1 branch of the dungeon, and saw 6 of its levels.

You collected 299 gold pieces.

Inventory:

Hand Weapons
 a - a +0 flail (weapon)
 B - a cursed +0 hunting sling
   (You found it on level 6 of the Dungeon)
Armour
 b - a +0 scale mail (worn)
 c - a +0 shield (worn)
 o - a +0 pair of boots (worn)
   (You found it on level 1 of the Dungeon)
 s - a scarf of cloud immunity (worn)
   (You found it on level 2 of the Dungeon)
Jewellery
 z - a cursed ring of teleportation {unknown}
   (You found it on level 5 of the Dungeon)
Wands
 d - a wand of iceblast (7)
   (You took it off a centaur on level 5 of the Dungeon)
 x - a wand of acid (10)
   (You found it on level 4 of the Dungeon)
Scrolls
 f - 2 scrolls of enchant weapon {unknown}
 g - 2 scrolls of amnesia {unknown}
 i - 3 scrolls of teleportation {unknown}
 l - 6 scrolls of identify {unknown}
 q - 2 scrolls of remove curse {unknown}
 t - 3 scrolls of immolation {unknown}
Potions
 h - a potion of agility {unknown}
 j - a potion of resistance {unknown}
 k - 2 potions of brilliance {unknown}
 m - a potion of haste {unknown}
 n - 5 potions of curing {unknown}
 p - a potion of experience {unknown}
 r - 2 potions of ambrosia {unknown}
 u - 3 potions of flight {unknown}
 w - a potion of cancellation {unknown}
 y - a potion of might
 A - a potion of heal wounds {unknown}
Comestibles
 e - 2 rations {!d}
 v - 2 chunks of flesh


   Skills:
 - Level 3.2 Fighting
 + Level 10.1 Maces & Flails
 - Level 3.2 Armour
 - Level 3.2 Shields


You had 7 spell levels left.
You didn't know any spells.
Your spell library contained the following spells:

 Spells                   Type           Power        Failure   Level  Hunger
 Animate Skeleton         Necr           N/A          99%         1    ##.....
 Apportation              Tloc           #.....       99%         1    ##.....
 Confusing Touch          Hex            #.....       99%         1    ##.....
 Summon Small Mammal      Summ           #...         99%         1    ##.....


Dungeon Overview and Level Annotations

Branches:
Dungeon (6/15)
 Temple: D:4-7

Altars:

Annotations:
D:6 Edmund


Innate Abilities, Weirdness & Mutations

You are resistant to torment.
Your stone body is resilient. (AC +5)
You are immune to poison.
You resist negative energy. (rN+)
You are resistant to electric shocks. (rElec)
You can survive without breathing.
You are immune to petrification.
You are immune to rotting.


Message History

You are feeling hungry.
Things that are here:
a +0 flail; a scroll labeled SUOQ HELUENAIMENI You barely miss the gnoll.
The gnoll hits you with a +0 halberd of protection!
* * * LOW HITPOINT WARNING * * *
You sock the gnoll!
You kill the gnoll!
Unknown command.
The orc priest shouts!
You hear a shout!
Things that are here:
a +0 halberd of protection; a gnoll corpse An orc priest is nearby!
The orc priest calls down the wrath of Beogh upon you.
You are unaffected.
The orc warrior shouts!
You closely miss the orc priest. You block the orc priest's attack.
The orc warrior drinks a potion.
The orc warrior flickers and vanishes!
Deactivating autopickup; reactivate with Ctrl-A.
You barely miss the orc priest. You block the orc priest's attack.
Your shield and scale mail prevent you from hitting the orc priest.
The orc priest casts a cantrip, but nothing happens.
You sock the orc priest!
You kill the orc priest!
Something hits you!
* * * LOW HITPOINT WARNING * * *
The orc hits you with a +0 flail.
* * * LOW HITPOINT WARNING * * *
You block something's attack.
Things that are here:
a +0 hand axe; a +0 leather armour; an orc corpse You thump the orc!
You kill the orc!
Unknown command.
Something hits you.
* * * LOW HITPOINT WARNING * * *
You see here a +0 flail.
Something hits you but does no damage.
Things that are here:
a +0 hand axe; a +0 leather armour; an orc corpse Unknown command.
Something hits you!
* * * LOW HITPOINT WARNING * * *
You see here a +0 flail.
You closely miss something.
Unknown command.
You hit something but do no damage. You block something's attack.
You hit something. Something hits you!
You die...

#.....##.......%......# ..
#.....##..........>.#.##..
#..###.###.............#...
#.. #...#....)†...#.##.....
.>. ###......)....####.....
## ####......#..###..../.
#.........##..........
#....)...(#...........
###....@.............)..
#<.....{................
#.............##........
##......................
##>..................(#
#......#.....##...#...
.)....[.##.....###.#..#
##.......###..... .#
........... ....


There were no monsters in sight!

Vanquished Creatures
  A hungry ghost (D:5)
  3 ogres
  2 centaurs
  A crimson imp (D:5)
  A centaur zombie (D:5)
  3 orc priests
  2 centaur skeletons (D:5)
  A bullfrog skeleton (D:5)
  A jelly (D:6)
  3 orc wizards
  2 worker ants (D:4)
  5 adders
  8 gnolls
  A river rat (D:5)
  2 oozes (D:1)
  2 adder zombies
  5 worms
  A dart slug (D:1)
  2 leopard geckos (D:1)
  12 orcs
  6 giant cockroaches
  9 goblins
  14 hobgoblins
  16 jackals
  4 quokkas
  2 ball pythons (D:5)
  2 bats (D:3)
  2 frilled lizards
  6 kobolds
  A leopard gecko skeleton (D:4)
  15 rats
135 creatures vanquished.

Notes
Turn   | Place    | Note
-------+----------+-------------------------------------------
     0 | D:1      | MrTaco21 the Gargoyle Fighter began the quest for the Orb.
     0 | D:1      | Reached XP level 1. HP: 14/14 MP: 1/1
    39 | D:1      | Reached XP level 2. HP: 15/19 MP: 2/2
   114 | D:1      | Reached skill level 3 in Maces & Flails
   350 | D:1      | Reached XP level 3. HP: 23/23 MP: 3/3
  1106 | D:1      | Reached skill level 4 in Maces & Flails
  1216 | D:2      | Reached XP level 4. HP: 26/28 MP: 4/4
  2117 | D:3      | Reached skill level 5 in Maces & Flails
  2124 | D:3      | Reached XP level 5. HP: 32/32 MP: 5/5
  3065 | D:4      | Noticed an ogre
  3072 | D:4      | Killed an ogre
  3072 | D:4      | Reached skill level 6 in Maces & Flails
  3072 | D:4      | Reached XP level 6. HP: 37/37 MP: 6/6
  4040 | D:5      | Entered Level 5 of the Dungeon
  4044 | D:5      | Reached skill level 7 in Maces & Flails
  4061 | D:5      | Reached XP level 7. HP: 22/41 MP: 7/7
  4111 | D:4      | Reached skill level 8 in Maces & Flails
  4677 | D:5      | Noticed a hungry ghost
  4746 | D:5      | Killed a hungry ghost
  4746 | D:5      | Reached skill level 9 in Maces & Flails
  4746 | D:5      | Reached XP level 8. HP: 38/46 MP: 8/8
  5162 | D:6      | Noticed Edmund
  5342 | D:6      | Reached skill level 10 in Maces & Flails
  5367 | D:6      | HP: 1/46 [something (7)]
  5370 | D:6      | Mangled by an orc warrior

Levels and vault maps discovered:
D:1:      eino_arrival_druids_welcome, layout_basic, minmay_bisected
D:2:      layout_basic
D:3:      layout_loops_ring
D:4:      layout_loops_cross, corexii_hall_statues_u, st_stairs_8
D:5:      layout_cave_pools, portal_sewer_entry_b, first_ration
D:6:      layout_cave_pools, yredelemnul_forgotten_temple_becter, uniq_edmund

Skill      XL: |  1  2  3  4  5  6  7  8 |
---------------+-------------------------+-----
Maces & Flails | 3 4 5 6 7 9 10 | 10.1
Fighting       | |  3.2
Armour         | |  3.2
Shields        | |  3.2

Action                   |  1- 3 |  4- 6 |  7- 9 || total
-------------------------+-------+-------+-------++-------
Melee: Flail             |   115 |   293 |   272 ||   680
  Eat: Chunk             |     1 |     8 |     7 ||    16
       Ration            |       |       |     3 ||     3
Armor: Scale mail        |    52 |   159 |   168 ||   379
Dodge: Dodged            |    32 |   113 |    97 ||   242
Block: Shield            |    43 |   166 |   166 ||   375

Table legend:
 A = Non-vault XP
 B = Vault XP
 C = Vault XP percentage of total XP
 D = Non-vault monster count
 E = Vault monster count
 F = Vault count percentage of total count
                 A         B        C        D         E       F
            +---------+---------+-------+---------+---------+-------
      Total |    1595 |     150 |   8.6 |     124 |      11 |   8.1
            +---------+---------+-------+---------+---------+-------
        D:1 |      68 |       9 |  11.7 |      26 |       5 |  16.1
        D:2 |      77 |       0 |   0.0 |      23 |       0 |   0.0
        D:3 |      71 |       0 |   0.0 |      19 |       0 |   0.0
        D:4 |     394 |     122 |  23.6 |      15 |       1 |   6.2
        D:5 |     837 |      19 |   2.2 |      32 |       5 |  13.5
        D:6 |     148 |       0 |   0.0 |       9 |       0 |   0.0
            +---------+---------+-------+---------+---------+-------
